 Dungeon Crawl Stone Soup version 0.28.0-49-g6dfe1f597d (webtiles) character file.

Game seed: 3713781773590701158

869 nickcage the Tainter (level 7, -3/32 HPs)
             Began as a Spriggan Venom Mage on May 18, 2022.
             Slain by an ice beast (10 damage)
             ... on level 6 of the Dungeon.
             The game lasted 00:21:48 (7589 turns).

nickcage the Tainter (Spriggan Venom Mage)          Turns: 7589, Time: 00:21:49

Health: -3/32      AC:  4    Str:  4    XL:     7   Next: 73%
Magic:  15/21      EV: 17    Int: 18    God:
Gold:   186        SH:  0    Dex: 14    Spells: 2/12 levels left

rFire   . . .      SeeInvis +   e - +0 rapier
rCold   . . .      Faith    .   (no shield)
rNeg    . . .      Spirit   .   a - +0 robe
rPois   .          Reflect  .   k - +1 hat
rElec   .          Harm     .   m - +0 cloak
rCorr   .          Rampage  .   (gloves unavailable)
Will    ++...                   (boots unavailable)
Stlth   +++.......              (no amulet)
HPRegen 0.10/turn               h - ring of magical power
MPRegen 0.17/turn               r - ring of Zuoq Fea {Fly Will+ Dex-2 SInv}

@: flying, very quick
A: very small, no large weapons, unfitting armour, see invisible, speed 3
a: no special abilities


You were on level 6 of the Dungeon.
You visited 1 branch of the dungeon, and saw 6 of its levels.
You also visited: Sewer.

You collected 186 gold pieces.

Inventory:

Hand Weapons
 b - a +0 dagger
 e - a +0 rapier (weapon)
Missiles
 d - a throwing net
Armour
 a - a +0 robe (worn)
 k - a +1 hat (worn)
 m - a +0 cloak (worn)
Jewellery
 h - a ring of magical power (left hand)
 r - the ring of Zuoq Fea (right hand) {Fly Will+ Dex-2 SInv}
   (You found it on level 5 of the Dungeon)

   [ring of flight]

   Dex:       It affects your dexterity (-2).
   SInv:      It lets you see invisible.
   Fly:       It grants you flight.
   Will:      It increases your willpower.
Scrolls
 c - a scroll of noise
 j - a scroll of vulnerability
 l - a scroll of magic mapping
 q - 2 scrolls of teleportation {unknown}
Potions
 f - a potion of degeneration
 g - a potion of lignification {unknown}
 i - a potion of might {unknown}
 n - a potion of curing {unknown}
 o - 2 potions of heal wounds


   Skills:
 * Level 3.0 Short Blades
 - Level 2.6 Dodging
 + Level 5.3 Stealth
 - Level 3.0 Spellcasting
 - Level 2.0 Transmutations
 - Level 8.1 Poison Magic


You had 2 spell levels left.
You knew the following spells:

 Your Spells              Type           Power      Damage    Failure   Level
a - Sting                 Tmut/Pois      84%        1d7       1%          1
b - Poisonous Vapours     Pois/Air       34%        N/A       4%          2
c - Mephitic Cloud        Conj/Pois/Air  12%        N/A       16%         3
d - Olgreb's Toxic Radia  Pois           32%        N/A       5%          4

Your spell library contained the following spells:

 Spells                   Type           Power      Damage    Failure   Level
 Animate Skeleton         Necr           4%         N/A       16%         1
 Apportation              Tloc           4%         N/A       16%         1
 Foxfire                  Conj/Fire      8%         2x1d4     16%         1
 Pain                     Necr           8%         1d4       16%         1
 Slow                     Hex            8%         N/A       16%         1
 Summon Small Mammal      Summ           8%         N/A       16%         1
 Ignite Poison            Fire/Tmut/Pois 14%        N/A       12%         3
 Confusing Touch          Hex            2%         N/A       43%         3
 Conjure Flame            Conj/Fire      2%         6-21      43%         3
 Inner Flame              Hex/Fire       2%         N/A       43%         3
 Vampiric Draining        Necr           2%         2d6       43%         3
 Flame Wave               Conj/Fire      2%         2d4       85%         4
 Blade Hands              Tmut           4%         N/A       89%         5
 Freezing Cloud           Conj/Ice/Air   1%         6-21      99%         5
 Dragon Form              Tmut           4%         N/A       100%        7
 Haunt                    Necr/Summ      1%         N/A       100%        7


Dungeon Overview and Level Annotations

Branches:
Dungeon (6/15)              Sewer (visited)
 Temple: D:4-7

Altars:
Cheibriados
Trog

Annotations:
D:4 1 runed translucent door, croobank's ghost, amateur OpFE
D:5 3 runed translucent doors, Woods's ghost, amateur DECj
D:6 Pikel


Innate Abilities, Weirdness & Mutations

You are very small and have problems with some larger weapons.
You are too small for most types of armour.
You have supernaturally acute eyesight. (SInv)
You cover ground extremely quickly. (Speed+++)


Message History

The ice beast closely misses you.
The sting hits the ice beast but does no damage.
The ice beast looks even sicker.
The ice beast is moderately wounded.
The ice beast hits you. The ice beast freezes you!
You hit the ice beast but do no damage.
The ice beast is moderately wounded.
The ice beast hits you but does no damage.
You hit the ice beast.
The ice beast is moderately wounded.
The ice beast closely misses you.
You barely miss the ice beast.
The ice beast is heavily wounded.
The ice beast misses you.
You barely miss the ice beast.
The ice beast is heavily wounded.
The ice beast barely misses you.
Your magical contamination has completely faded away.
You hit the ice beast.
The ice beast is heavily wounded.
The ice beast hits you but does no damage.
You closely miss the ice beast.
The ice beast is heavily wounded.
The ice beast hits you. The ice beast freezes you!
* * * LOW HITPOINT WARNING * * *
You hit the ice beast.
The ice beast is heavily wounded.
The ice beast misses you.
Casting: Sting (safe; 1% risk of failure)
Confirm with . or Enter, or press ? or * to list all spells.
The spell is quite dangerous to miscast (5% risk of failure)!
Continue anyway?
You begin to radiate toxic energy.
You hit the ice beast.
You punch the ice beast, but do no damage.
The ice beast is almost dead.
Your toxic aura wanes.
The ice beast hits you.
* * * LOW HITPOINT WARNING * * *
The ice beast freezes you!
You die...

#.# #.#
#.#.###..
#.#..#..
#.##.).#
#.##... #.##..#
#Y##..####.#
#@##........
#..........#
####.#######
#.....#####.##5
###.........5K
#.#.#####.#
#.#.#.....#
#.#.#.#####
#.#.#.#


You could see an ice beast (poisoned).

Vanquished Creatures
  A water moccasin (D:5)
  A sky beast (D:5)
  A black bear (D:5)
  An ogre (D:4)
  A centaur skeleton (D:4)
  Crazy Yiuf (D:2)
  2 bullfrog skeletons (D:4)
  A gnoll shaman (D:6)
  2 iguanas
  A hound skeleton (D:4)
  4 gnolls (D:6)
  8 adders
  4 river rats (D:4)
  An adder skeleton (D:4)
  4 worms
  A dart slug (D:1)
  7 orcs
  10 ball pythons
  6 endoplasms
  4 giant cockroaches
  14 goblins
  10 hobgoblins
  9 jackals
  2 quokkas
  8 bats
  4 frilled lizards
  10 kobolds
  12 rats
130 creatures vanquished.

Notes
Turn   | Place    | Note
-------+----------+-------------------------------------------
     0 | D:1      | nickcage the Spriggan Venom Mage began the quest for the
                  | Orb.
     0 | D:1      | Reached XP level 1. HP: 9/9 MP: 5/5
   391 | D:1      | Reached XP level 2. HP: 13/13 MP: 5/7
   401 | D:1      | Learned a level 2 spell: Poisonous Vapours
   783 | D:1      | Found a faded altar of an unknown god.
  1116 | D:1      | Reached XP level 3. HP: 16/16 MP: 8/8
  1379 | D:1      | Reached skill level 4 in Poison Magic
  1478 | D:2      | Learned a level 3 spell: Mephitic Cloud
  2132 | D:2      | Reached skill level 1 in Short Blades
  2327 | D:2      | Reached XP level 4. HP: 21/21 MP: 9/9
  2746 | D:2      | Found a runed translucent door.
  2747 | D:2      | Noticed Crazy Yiuf
  2775 | D:2      | Killed Crazy Yiuf
  3128 | D:3      | Found a bloodstained altar of Trog.
  3214 | D:3      | Reached skill level 5 in Poison Magic
  3355 | D:3      | Reached XP level 5. HP: 23/24 MP: 10/10
  3360 | D:3      | Learned a level 4 spell: Olgreb's Toxic Radiance
  4189 | D:4      | Found the +18 Lear's hauberk
  4232 | D:4      | Found a snail-covered altar of Cheibriados.
  4243 | D:4      | Noticed croobank's ghost (amateur OpFE)
  4244 | D:4      | Found a runed translucent door.
  4296 | D:4      | Reached skill level 6 in Poison Magic
  4353 | D:4      | Reached XP level 6. HP: 16/28 MP: 10/11
  4361 | D:4      | Found a glowing drain.
  4365 | Sewer    | Entered a sewer
  4515 | Sewer    | Noticed a water moccasin
  4797 | D:4      | Reached skill level 7 in Poison Magic
  5926 | D:5      | Entered Level 5 of the Dungeon
  5971 | D:5      | Found a runed translucent gate.
  5971 | D:5      | Found a runed translucent gate.
  5971 | D:5      | Found a runed translucent gate.
  5971 | D:5      | Noticed Woods's ghost (amateur DECj)
  6013 | D:5      | Noticed a sky beast
  6040 | D:5      | Killed a sky beast
  6041 | D:5      | Reached XP level 7. HP: 25/32 MP: 12/12
  6306 | D:5      | Identified the ring of Zuoq Fea {Fly Will+ Dex-2 SInv}
  6625 | D:5      | Identified a scroll of acquirement
  6625 | D:5      | Acquired the Incunabulum of Twisted Transformation
  6880 | D:5      | Reached skill level 8 in Poison Magic
  7411 | D:6      | Reached skill level 5 in Stealth
  7552 | D:6      | Noticed Pikel
  7589 | D:6      | Slain by an ice beast

Illustrated notes

Levels and vault maps discovered:
D:1:      kilobyte_arrival_exit_the_forest, layout_basic,
          shapermc_ecumenical_altar_ellora
D:2:      layout_loops_ring, hex_tiny, uniq_crazy_yiuf_cottage
D:3:      layout_basic, lemuel_crystal_altar, kennysheep_generic_room_3
D:4:      layout_basic, mainiacjoe_overflow_small_starburst,
          gammafunk_ghost_grave, lightli_sewer_entry_pipes,
          chequers_serial_rivers_micro_a, minmay_ogre_servants
D:5:      layout_basic, gammafunk_ghost_necromancy
D:6:      layout_loops_ring, kennysheep_potato, uniq_pikel, uniq_grinder

Skill      XL: |  1  2  3  4  5  6  7 |
---------------+----------------------+-----
Spellcasting   | 3 |  3.0
Transmutations | 2 |  2.0
Poison Magic   | 4 5 6 7 8 |  8.1
Short Blades   | 1 2 3 |  3.0
Stealth        | 5 |  5.3
Dodging        | |  2.6

Action                   |  1- 3 |  4- 6 |  7- 9 || total
-------------------------+-------+-------+-------++-------
Melee: Dagger            |    16 |       |       ||    16
       Unarmed           |     1 |       |       ||     1
       Rapier            |    24 |   117 |    27 ||   168
       Punch             |       |     4 |     3 ||     7
 Cast: Sting             |    85 |   117 |    23 ||   225
       Olgreb's Toxic Ra |       |     1 |     3 ||     4
  Use: Scroll            |       |     5 |     2 ||     7
       Potion            |       |       |     1 ||     1
 Stab: Sleeping          |     4 |     7 |     1 ||    12
Armor: Robe              |     4 |    28 |     6 ||    38
Dodge: Dodged            |    48 |   144 |    37 ||   229
